 Dungeon Crawl Stone Soup version 0.30-a0-373-gd37427bb62 (webtiles) character file.

Game seed: 5955907395403024144

66 qeuew the Trooper (level 3, -1/29 HPs)
             Began as a Demonspawn Chaos Knight on Nov 24, 2022.
             Was a Plaything of Xom.
             Slain by a gnoll
             ... wielding a +0 whip
              (5 damage)
             ... on level 3 of the Dungeon.
             The game lasted 00:02:17 (1858 turns).

qeuew the Trooper (Demonspawn Chaos Knight)         Turns: 1858, Time: 00:02:18

Health: -1/29      AC:  5    Str: 14    XL:     3   Next: 96%
Magic:  3/3        EV: 15    Int: 13    God:    Xom [.*....]
Gold:   123        SH:  0    Dex: 12    Spells: 2/2 levels left

rFire   . . .      SeeInvis .    a - +0 hand axe (chaos)
rCold   . . .      Faith    .    (no shield)
rNeg    . . .      Spirit   .    b - +2 leather armour
rPois   .          Reflect  .    (helmet restricted)
rElec   .          Harm     .    (no cloak)
rCorr   .          Rampage  .    (no gloves)
Will    .....                    (no boots)
Stlth   +.........               (no amulet)
HPRegen 0.24/turn                i - +4 ring of evasion
MPRegen 0.08/turn                (no ring)

@: no status effects
A: antennae 1, weakness stinger 1
a: Renounce Religion


You were on level 3 of the Dungeon.
You worshipped Xom.
You were a plaything of Xom.
You visited 1 branch of the dungeon, and saw 3 of its levels.

You collected 123 gold pieces.

Inventory:

Hand Weapons
 a - a +0 hand axe of chaos (weapon)
Armour
 b - a +2 leather armour (worn)
Jewellery
 i - a +4 ring of evasion (left hand)
Scrolls
 f - a scroll of fear {unknown}
Potions
 d - 2 potions of curing
 e - a potion of resistance
Miscellaneous
 c - a piece from Xom's chessboard (15/15) (quivered)


   Skills:
 + Level 3.4 Fighting
 + Level 3.1 Axes
 + Level 2.3 Armour
 + Level 1.6 Dodging
 + Level 1.3 Evocations


You had 2 spell levels left.
You didn't know any spells.
Your spell library contained the following spells:

 Spells                   Type           Power      Damage    Failure   Level
 Inner Flame              Hex/Fire       0%         N/A       75%         3
 Cause Fear               Hex            0%         N/A       98%         4
 Discord                  Hex            0%         N/A       100%        8


Dungeon Overview and Level Annotations

Branches:
Dungeon (3/15)

Altars:


Innate Abilities, Weirdness & Mutations

You have a pair of small antennae on your head.
You have a small tail.


Message History

There is a stone staircase leading up here.
You barely miss the rat. The rat closely misses you.
You closely miss the rat.
You tail-slap the rat, but do no damage.
You punch the rat.
You kill the rat!
No target in view!
No target in view!
No target in view!
No target in view!
HP restored.
f - a scroll labelled AMECUPREPEU You now have 123 gold pieces (gained 13).
The gnoll shouts!
You hear a shout!
You see here 2 coppery potions.
There are monsters nearby!
The gnoll shouts!
You closely miss the gnoll. The gnoll closely misses you.
The gnoll barely misses you.
You closely miss the gnoll. You completely miss the gnoll.
The gnoll hits you with a +0 whip.
The gnoll hits you from afar with a +0 spear.
The gnoll hits you with a +0 flail.
You hit the gnoll but do no damage.
The gnoll seems to grow stronger.
Xom thinks this is hilarious!
You hit the gnoll.
Space warps horribly around the gnoll!!
You kill the gnoll!
The gnoll hits you with a +0 whip!
A shower of butterflies erupts from you!
The gnoll barely misses your butterfly. The gnoll hits you but does no damage.
You hit the gnoll but do no damage. Your punch misses the gnoll.
The gnoll misses your butterfly.
The gnoll hits you from afar with a +0 spear.
The gnoll closely misses you. x2; The gnoll barely misses your butterfly.
The gnoll hits you from afar with a +0 spear.
* * * LOW HITPOINT WARNING * * *
Unknown command.
You barely miss the gnoll. The gnoll hits you with a +0 whip.
You die...
Xom cackles wildly!

............. ##.....
.#............†. .......
................ ........
................ .........
..............#. .........
.. ..........###
.....b...#g#.#.#.........#
.........gbg.....#######..
........#@#.#.#.#.## #..
...........b........## #..
......b#.#.#.#.#.#...###..
.......!...........#....##
......#.#.#.#.#.#.#.....#
...................#....#
.......#.#.#.#.#.#.#.####
#####.#...........#..#
#...#.#.#.#.#...##


You could see 3 gnolls.

Vanquished Creatures
  A gnoll (D:3)
  An adder (D:2)
  2 worms (D:2)
  3 dart slugs
  An orc (D:2)
  An endoplasm (D:2)
  6 goblins
  3 hobgoblins (D:2)
  2 kobolds
  3 quokkas (D:1)
  3 ball pythons
  5 bats
  2 frilled lizards (D:1)
  A rat (D:3)
34 creatures vanquished.

Vanquished Creatures (others)
  A withered plant (D:3)
1 creature vanquished.

Grand Total: 35 creatures vanquished

Notes
Turn   | Place    | Note
-------+----------+-------------------------------------------
     0 | D:1      | qeuew the Demonspawn Chaos Knight began the quest for the
                  | Orb.
     0 | D:1      | Reached XP level 1. HP: 18/18 MP: 1/1
    65 | D:1      | Reached skill level 1 in Dodging
   181 | D:1      | XOM: divination: magic mapping
   249 | D:1      | XOM: silly message
   253 | D:1      | XOM: noise
   267 | D:1      | Found a faded altar of an unknown god.
   275 | D:1      | Discovered your monstrous ancestry.
   275 | D:1      | Gained mutation: You have a small tail. [demonic ancestry]
   275 | D:1      | Reached XP level 2. HP: 24/24 MP: 2/2
   948 | D:2      | XOM: smoke on damage
  1045 | D:2      | Reached skill level 1 in Evocations
  1045 | D:2      | Gained mutation: You have a pair of small antennae on your
                  | head. [demonic ancestry]
  1045 | D:2      | Reached XP level 3. HP: 29/29 MP: 3/3
  1067 | D:2      | XOM: smoke on damage
  1771 | D:3      | XOM: noise
  1856 | D:3      | XOM: butterfly on damage
  1858 | D:3      | Slain by a gnoll

Illustrated notes

Levels and vault maps discovered:
D:1:      moated_graveyard_arrival, layout_loops_ring,
          chequers_ecumenical_altar_island, minmay_misc_feat_hallway,
          dk_noncrumbling_3
D:2:      layout_basic
D:3:      layout_rooms, serial_undead, serial_undead_c, serial_undead_d,
          serial_undead_a, serial_undead_c, hex_medium, interstate_on_off,
          kennysheep_generic_room_11

Skill      XL: |  1  2  3 |
---------------+----------+-----
Dodging        | 1 |  1.6
Armour         | 2 |  2.3
Evocations     | 1 |  1.3
Axes           | 3 |  3.1
Fighting       | |  3.4

Action                   || total
-------------------------++-------
Melee: Hand axe          ||    98
       Tailslap          ||    11
       Punch             ||     1
  Use: Scroll            ||     5
       Potion            ||     3
 Stab: Sleeping          ||     1
Armor: Leather armour    ||    27
Dodge: Dodged            ||    66

Table legend: (Time is in decaauts)
 A = Elapsed time spent in this place.
 B = Non-inter-level travel time spent in this place.
 C = Inter-level travel time spent in this place.
 D = Time resting spent in this place.
 E = Time spent auto-exploring this place.
 F = Levels seen in this place.
 G = Mean time per level.
                   A        B        C        D        E       F      G
               +--------+--------+--------+--------+--------+-----+--------+
         Total |   1886 |   1795 |     91 |      0 |   1528 |   3 |  628.7 |
       Dungeon |   1886 |   1795 |     91 |      0 |   1528 |   3 |  628.7 |
               +--------+--------+--------+--------+--------+-----+--------+

Top non-repeatable levels by time:
     D:2: 1116 daAuts
     D:1: 673 daAuts
     D:3: 97 daAuts
